 Dungeon Crawl Stone Soup version 0.27-a0-1332-g84bddb5ca7 (webtiles) character file.

Game seed: 6120355186751144174

274 Brandom the Sneak (level 6, -10/48 HPs)
             Began as a Demonspawn Delver on June 25, 2021.
             Was a Believer of Makhleb.
             Mangled by a two-headed ogre (20 damage)
             ... on level 4 of the Dungeon.
             The game lasted 00:11:00 (3613 turns).

Brandom the Sneak (Demonspawn Delver)               Turns: 3613, Time: 00:11:00

Health: -10/48     AC:  5    Str: 15    XL:     6   Next: 3%
Magic:  6/6        EV: 21    Int: 13    God:    Makhleb [**....]
Gold:   89         SH:  0    Dex: 14    Spells: 5/5 levels left

rFire    . . .     SeeInvis .   a - +0 falchion
rCold    + . .     Faith    .   (no shield)
rNeg     . . .     Spirit   .   b - +0 leather armour
rPois    .         Reflect  .   (no helmet)
rElec    .         Harm     .   l - +0 cloak
rCorr    .         Rampage  .   (no gloves)
Will     .....                  m - +0 pair of boots
Stlth    ++........             (no amulet)
HPRegen  0.16/turn              h - +4 ring of evasion
MPRegen  0.10/turn              k - ring of protection from cold

@: mighty, agile
A: foul stench 1, powered by pain 1, big brain 1
a: Renounce Religion, Minor Destruction


You were on level 4 of the Dungeon.
You worshipped Makhleb.
Makhleb was pleased with you.
You visited 1 branch of the dungeon, and saw 5 of its levels.

You collected 89 gold pieces.

Inventory:

Hand Weapons
 a - a +0 falchion (weapon)
Missiles
 x - 2 boomerangs (quivered)
Armour
 b - a +0 leather armour (worn)
 l - a +0 cloak (worn)
   (You found it on level 2 of the Dungeon)
 m - a +0 pair of boots (worn)
   (You found it on level 2 of the Dungeon)
Jewellery
 h - a +4 ring of evasion (left hand)
   (You found it on level 4 of the Dungeon)
 k - a ring of protection from cold (right hand)
   (You found it on level 2 of the Dungeon)
 t - a ring of protection from cold
   (You found it on level 1 of the Dungeon)
Wands
 v - a wand of digging (3)
Scrolls
 c - a scroll of fog
 d - 3 scrolls of magic mapping
 g - a scroll of amnesia {unknown}
 i - a scroll of vulnerability {unknown}
 j - 2 scrolls of teleportation {unknown}
 o - a scroll of enchant armour {unknown}
 u - a scroll of silence {unknown}
 w - 2 scrolls of identify {unknown}
 y - 2 scrolls of immolation {unknown}
Potions
 e - a potion of mutation {unknown}
 f - 2 potions of haste {@q3}
 n - 2 potions of might {unknown}
 p - a potion of berserk rage {unknown}
 q - a potion of attraction {unknown}
 r - a potion of degeneration {unknown}
 s - a potion of flight {unknown}
 z - a potion of curing {unknown}


   Skills:
 + Level 4.2 Fighting
 + Level 3.2 Long Blades
 + Level 2.4 Armour
 + Level 3.2 Dodging
 - Level 4.5 Stealth


You had 5 spell levels left.
You didn't know any spells.
Your spell library contained the following spells:

 Spells                   Type           Power      Damage    Failure   Level
 Sandblast                Erth           0%         2d4       36%         1
 Passwall                 Tmut/Erth      0%         N/A       50%         2
 Stone Arrow              Conj/Erth      0%         3d7       75%         3
 Petrify                  Tmut/Erth      0%         N/A       98%         4
 Lee's Rapid Deconstruct  Erth           0%         3d5*      100%        5


Dungeon Overview and Level Annotations

Branches:
Dungeon (5/15)
 Temple: D:4-7

Altars:
Cheibriados
Dithmenos
Elyvilon
Gozag
Kikubaaqudgha
Makhleb
Nemelex Xobeh
Okawaru
Wu Jian
Zin


Innate Abilities, Weirdness & Mutations

You may rarely emit foul miasma when damaged in melee.
You sometimes gain a little power by taking damage.
You have an unusually large brain. (Int +2)


Message History

You hit Menkaure. Menkaure completely misses you.
You barely miss Menkaure.
Menkaure gestures wildly while chanting.
Menkaure seems to speed up.
You slash Menkaure!
Menkaure calls on the powers of darkness!
Your body is wracked with pain!
* * * LOW HITPOINT WARNING * * *
You slash Menkaure!
You destroy Menkaure!
Makhleb accepts your kill.
You can now harness Makhleb's destructive might.
You feel better.
Your Fighting skill increases to level 4!
Your Long Blades skill increases to level 3!
Your Dodging skill increases to level 3!
You have reached level 6!
Your experience leads to an increase in your attributes!
Increase (S)trength, (I)ntelligence, or (D)exterity?
You feel stronger.
Your demonic ancestry asserts itself...
You begin to emit a foul stench of rot and decay.
You feel a little less mighty now.
A two-headed ogre is nearby!
Found a flail.
Throw: 2 boomerangs
Aim: a two-headed ogre, wielding two +0 giant clubs (75% to hit)
You throw a boomerang. The boomerang hits the two-headed ogre.
You closely miss the two-headed ogre. The two-headed ogre misses you.
The two-headed ogre barely misses you.
You hit the two-headed ogre. The two-headed ogre barely misses you.
You riposte.
You hit the two-headed ogre. The two-headed ogre barely misses you.
You hit the two-headed ogre.
The two-headed ogre hits you with a +0 giant club!
You focus on the pain.
You feel very mighty all of a sudden.
You emit a cloud of foul miasma!
The two-headed ogre closely misses you.
You slash the two-headed ogre!
The two-headed ogre is engulfed in dark miasma.
The two-headed ogre is poisoned.
The two-headed ogre misses you. x2
You slash the two-headed ogre! You slash the two-headed ogre!
The two-headed ogre is engulfed in dark miasma.
The two-headed ogre looks even sicker.
The two-headed ogre hits you with a +0 giant club!!
* * * LOW HITPOINT WARNING * * *
You focus on the pain.
You feel agile all of a sudden.
The two-headed ogre hits you with a +0 giant club!!
You die...

###..##.##..... #
#..##.##.####
...###..##.##.#
#.............#
######..##.#####
#..##.####.## #
#...........#
#.##.#######.#######..#
#....O@......# #..#
#.##...####### #...
###.# ##.# ... #.# ##..
#.# #..# #.# #..# #.#
#.)# #.# #.#


You could see a two-headed ogre (very poisoned).

Vanquished Creatures
  Menkaure (D:4)
  Crazy Yiuf (D:3)
  2 iguanas
  3 adders
  A worm (D:2)
  4 ball pythons
  5 endoplasms
  2 giant cockroaches
  2 hobgoblins
  7 jackals
  3 kobolds
  A quokka (D:2)
  4 bats
  3 frilled lizards
  A giant cockroach zombie (D:1)
  3 goblins
  A quokka zombie (D:1)
  A rat (D:2)
45 creatures vanquished.

Vanquished Creatures (others)
  3 plants (D:5)
3 creatures vanquished.

Grand Total: 48 creatures vanquished

Notes
Turn   | Place    | Note
-------+----------+-------------------------------------------
     0 | D:5      | Brandom the Demonspawn Delver began the quest for the Orb.
     0 | D:5      | Reached XP level 1. HP: 18/18 MP: 1/1
    45 | D:5      | Noticed an ogre
   165 | D:4      | Noticed a two-headed ogre
   504 | D:2      | Gained mutation: You sometimes gain a little power by
                  | taking damage. [demonic ancestry]
   504 | D:2      | Reached XP level 2. HP: 20/24 MP: 2/2
   681 | D:2      | Found a faded altar of an unknown god.
   688 | D:2      | Became a worshipper of Makhleb the Destroyer
   688 | D:2      | Reached * piety under Makhleb
   865 | D:2      | Reached skill level 1 in Armour
  1077 | D:1      | Gained mutation: You have an unusually large brain. (Int
                  | +2) [demonic ancestry]
  1077 | D:1      | Reached XP level 3. HP: 29/29 MP: 3/3
  2228 | D:3      | Found a snail-covered altar of Cheibriados.
  2237 | D:3      | Found an iron altar of Okawaru.
  2241 | D:3      | Found a sparkling altar of Nemelex Xobeh.
  2246 | D:3      | Found an opulent altar of Gozag.
  2248 | D:3      | Found an ornate altar of the Wu Jian Council.
  2369 | D:3      | Reached XP level 4. HP: 35/35 MP: 4/4
  2810 | D:3      | Found a shadowy altar of Dithmenos.
  3016 | D:3      | Found an ancient bone altar of Kikubaaqudgha.
  3094 | D:3      | Found a runed translucent door.
  3095 | D:3      | Noticed Crazy Yiuf
  3103 | D:3      | Killed Crazy Yiuf
  3278 | D:4      | Reached XP level 5. HP: 26/42 MP: 5/5
  3407 | D:4      | Noticed Menkaure
  3415 | D:4      | Killed Menkaure
  3415 | D:4      | Reached ** piety under Makhleb
  3416 | D:4      | Gained mutation: You may rarely emit foul miasma when
                  | damaged in melee. [demonic ancestry]
  3416 | D:4      | Reached XP level 6. HP: 19/48 MP: 6/6
  3613 | D:4      | Mangled by a two-headed ogre

Illustrated notes

Levels and vault maps discovered:
D:1:      saegor_arrival_fortress, layout_basic
D:2:      layout_basic, dilly_ecumenical_altar_fadedgnrine, chequers_garden
D:3:      layout_rooms, nicolae_dithmenos_through_a_glass_darkly, minitemple,
          lemuel_tele_altar, uniq_crazy_yiuf_cottage
D:4:      layout_loops_ring, temple_hall, uniq_menkaure
D:5:      wad_lake_hut, layout_basic

Skill      XL: |  1  2  3  4  5 |
---------------+----------------+-----
Long Blades    | 2 3 |  3.2
Dodging        | 2 3 |  3.2
Armour         | 1 2 |  2.4
Fighting       | 4 |  4.2
Stealth        | |  4.5

Action                   |  1- 3 |  4- 6 || total
-------------------------+-------+-------++-------
Melee: Falchion          |   107 |    66 ||   173
Throw: Boomerang         |       |     1 ||     1
  Use: Scroll            |       |     1 ||     1
 Stab: Sleeping          |     6 |     1 ||     7
Armor: Leather armour    |    22 |     9 ||    31
Dodge: Dodged            |   113 |    59 ||   172
       Rpst.: Falchion   |    36 |    20 ||    56

Table legend: (Time is in decaauts)
 A = Elapsed time spent in this place.
 B = Non-inter-level travel time spent in this place.
 C = Inter-level travel time spent in this place.
 D = Time resting spent in this place.
 E = Time spent auto-exploring this place.
 F = Levels seen in this place.
 G = Mean time per level.
                   A        B        C        D        E       F      G
               +--------+--------+--------+--------+--------+-----+--------+
         Total |   3632 |   3496 |    136 |    501 |   2326 |   5 |  726.4 |
       Dungeon |   3632 |   3496 |    136 |    501 |   2326 |   5 |  726.4 |
               +--------+--------+--------+--------+--------+-----+--------+

Top non-repeatable levels by time:
     D:2: 1665 daAuts
     D:3: 739 daAuts
     D:1: 649 daAuts
     D:4: 517 daAuts
     D:5: 60 daAuts
